 Dungeon Crawl Stone Soup version 0.30-a0-358-g0d69a1922f (webtiles) character file.

Game seed: 13868966913708836116

15 ragingrage the Grasshopper (level 2, -1/22 HPs)
             Began as a Demonspawn Warper on Nov 8, 2022.
             Slain by a gnoll
             ... wielding a +0 club
              (7 damage)
             ... on level 1 of the Dungeon.
             The game lasted 00:00:54 (582 turns).

ragingrage the Grasshopper (Demonspawn Warper)       Turns: 582, Time: 00:00:55

Health: -1/22      AC:  3    Str: 11    XL:     2   Next: 34%
Magic:  5/5        EV: 11    Int: 14    God:
Gold:   47         SH:  0    Dex: 12    Spells: 5/5 levels left

rFire   . . .      SeeInvis .    a - +0 hand axe
rCold   . . .      Faith    .    (no shield)
rNeg    . . .      Spirit   .    b - +0 leather armour
rPois   .          Reflect  .    (no helmet)
rElec   .          Harm     .    (no cloak)
rCorr   .          Rampage  .    (no gloves)
Will    .....                    (no boots)
Stlth   +.........               (no amulet)
HPRegen 0.23/turn                (no ring)
MPRegen 0.09/turn                (no ring)

@: no status effects
A: powered by pain 1
a: no special abilities


You were on level 1 of the Dungeon.
You visited 1 branch of the dungeon, and saw 1 of its levels.

You collected 47 gold pieces.

Inventory:

Hand Weapons
 a - a +0 hand axe (weapon)
Missiles
 d - 7 boomerangs of dispersal (quivered)
Armour
 b - a +0 leather armour (worn)
Jewellery
 f - a ring of ice
Scrolls
 c - a scroll of blinking
 e - a scroll of amnesia {unknown}


   Skills:
 - Level 2.0 Fighting
 + Level 2.3 Axes
 - Level 0.8 Throwing
 - Level 0.8 Armour
 - Level 1.7 Dodging
 - Level 2.0 Spellcasting
 + Level 3.1 Translocations


You had 5 spell levels left.
You didn't know any spells.
Your spell library contained the following spells:

 Spells                   Type           Power      Damage    Failure   Level
 Blink                    Tloc           20%        N/A       13%         2
 Lesser Beckoning         Tloc           20%        N/A       26%         3
 Teleport Other           Tloc           10%        N/A       26%         3
 Vhi's Electric Charge    Tloc/Air       10%        N/A       45%         3
 Manifold Assault         Tloc           10%        N/A       65%         4


Dungeon Overview and Level Annotations

Branches:
Dungeon (1/15)

Altars:

Shops:
D:1 ((?


Innate Abilities, Weirdness & Mutations

You sometimes gain a little power by taking damage.


Message History

There are monsters nearby!
There are monsters nearby!
The bat hits you but does no damage.
You closely miss the bat. The bat hits you.
You closely miss the bat. The bat barely misses you.
The bat closely misses you.
You hit the bat.
The bat is moderately wounded.
The bat closely misses you.
You closely miss the bat.
The bat is moderately wounded.
The bat misses you. The bat hits you but does no damage.
You closely miss the bat.
The bat is moderately wounded.
The bat misses you. The bat hits you but does no damage. The bat misses you.
You hit the bat but do no damage.
The bat is moderately wounded.
The bat hits you but does no damage. The bat barely misses you.
You hit the bat.
The bat is heavily wounded.
The bat barely misses you. The bat hits you but does no damage. x2
You closely miss the bat.
The bat is moderately wounded.
The bat barely misses you. The bat closely misses you.
You closely miss the bat. The bat hits you. The bat barely misses you.
The bat hits you but does no damage.
You closely miss the bat. The bat misses you.
The bat hits you but does no damage. The bat hits you.
You miss the bat. The bat hits you.
You closely miss the bat. The bat hits you but does no damage. x2
You barely miss the bat. The bat misses you. The bat hits you.
You hit the bat.
You kill the bat!
You barely miss the gnoll. The gnoll hits you with a +0 club.
You hit the gnoll but do no damage. The gnoll hits you with a +0 club. x2
You hit the gnoll but do no damage. The gnoll hits you with a +0 club.
* * * LOW HITPOINT WARNING * * *
You hit the gnoll but do no damage. The gnoll hits you with a +0 club!
You die...

.#...#......# #...#
...#.#.#....####.#.#
....###.........>#.#
.#...#......####.#.#
.#..........# #.#.#
####.######## #.#.#
#..# #.#.# ...#
#.#.# #@#.# #g#.#
#.#.# #.#.# #.#.#
#.#.##############
#.#...............
#'###############.
... ####.


You could see a gnoll.

Vanquished Creatures
  2 dart slugs (D:1)
  A ball python (D:1)
  2 bats (D:1)
  An endoplasm (D:1)
  2 goblins (D:1)
  2 rats (D:1)
10 creatures vanquished.

Notes
Turn   | Place    | Note
-------+----------+-------------------------------------------
     0 | D:1      | ragingrage the Demonspawn Warper began the quest for the
                  | Orb.
     0 | D:1      | Reached XP level 1. HP: 16/16 MP: 3/3
     0 | D:1      | Found Dofuejaem's Magic Scroll Shop.
   138 | D:1      | Found Nacwal's Antique Weapon Shop.
   219 | D:1      | Reached skill level 3 in Translocations
   219 | D:1      | Gained mutation: You sometimes gain a little power by
                  | taking damage. [demonic ancestry]
   219 | D:1      | Reached XP level 2. HP: 22/22 MP: 5/5
   238 | D:1      | Found Cuhus Akua's Antique Weapon Boutique.
   582 | D:1      | Slain by a gnoll

Illustrated notes

Levels and vault maps discovered:
D:1:      dpeg_arrival_lava_altar, layout_basic, serial_shops,
          nicolae_shop_window_shopping, shop, nicolae_shop_hallway_stairs,
          nicolae_shop_hallway_plus, nicolae_shop_advertising_works
          [nicolae_subvault_shop_adworks]

Skill      XL: |  1 |
---------------+----+-----
Axes           | 2 |  2.3
Translocations | 3 |  3.1
Fighting       | |  2.0
Throwing       | |  0.8
Armour         | |  0.8
Dodging        | |  1.7
Spellcasting   | |  2.0

Action                   || total
-------------------------++-------
Melee: Hand axe          ||    52
 Stab: Sleeping          ||     1
Armor: Leather armour    ||    22
Dodge: Dodged            ||    32

Table legend: (Time is in decaauts)
 A = Elapsed time spent in this place.
 B = Non-inter-level travel time spent in this place.
 C = Inter-level travel time spent in this place.
 D = Time resting spent in this place.
 E = Time spent auto-exploring this place.
 F = Levels seen in this place.
 G = Mean time per level.
                   A        B        C        D        E       F      G
               +--------+--------+--------+--------+--------+-----+--------+
         Total |    592 |    592 |      0 |     39 |    426 |   1 |  592.0 |
       Dungeon |    592 |    592 |      0 |     39 |    426 |   1 |  592.0 |
               +--------+--------+--------+--------+--------+-----+--------+

Top non-repeatable levels by time:
     D:1: 592 daAuts
